 Dungeon Crawl Stone Soup version 0.16-a0-2296-gdce89d5 (webtiles) character file.

22749 smajdalf the Brawler (level 13, -3/112 (113) HPs)
             Began as a Ghoul Warper on Nov 16, 2014.
             Was a High Priest of Kikubaaqudgha.
             Slain by a blink frog (17 damage)
             ... on level 1 of the Lair of Beasts.
             The game lasted 01:09:16 (24149 turns).

smajdalf the Brawler (Ghoul Warper)                Turns: 24149, Time: 01:09:16

HP:   -3/112 (113)  AC: 12    Str: 16    XL:     13   Next: 2%
MP:   16/16         EV: 11    Int: 11    God:    Kikubaaqudgha [*****.]
Gold: 963           SH:  0    Dex:  9    Spells: 3 memorised, 11 levels left

rFire  . . .     SeeInvis .       - Unarmed
rCold  + + .     Clarity  +     a - +3 leather armour {rC+}
rNeg   + + +     SustAb   .     (no shield)
rPois  +         Gourm    .     u - +1 helmet
rElec  .         Spirit   .     B - +2 cloak {MR+}
rCorr  .         Warding  .     (no gloves)
rMut   .         Stasis   .     (no boots)
MR     ++...                    O - amulet of clarity
Stlth  +.........               U - ring of protection from magic
                                A - +1 ring of slaying

@: rotting, studying Stealth, very resistant to hostile enchantments, very
unstealthy
A: rotting body, claws 1, carnivore 3, cold resistance 1, negative energy
resistance 3, poison resistance, slow healing 1, torment resistance, unbreathing
a: Receive Corpses, Torment, Renounce Religion


You were on level 1 of the Lair of Beasts.
You worshipped Kikubaaqudgha.
Kikubaaqudgha was extremely pleased with you.
You were not hungry.

You visited 3 branches of the dungeon, and saw 14 of its levels.

You collected 963 gold pieces.

Inventory:

Hand weapons
 w - a +0 blowgun
Missiles
 e - 5 tomahawks of dispersal
 l - 15 javelins (quivered)
 n - 10 curare-tipped needles
Armour
 a - a +3 leather armour of cold resistance (worn)
 u - a +1 helmet (worn)
 B - a +2 cloak of magic resistance (worn)
Magical staves
 q - an uncursed staff of death
Rods
 T - a +2 rod of striking (13/13)
   (You found it on level 10 of the Dungeon)
Jewellery
 A - a +1 ring of slaying (left claw)
 C - a +2 ring of evasion
 O - an amulet of clarity (around neck)
 U - a ring of protection from magic (right claw)
 W - an uncursed ring of teleportation
Scrolls
 b - a scroll of fog
 d - 2 scrolls of blinking
 j - a scroll of magic mapping
 m - 4 scrolls of amnesia
 p - 2 scrolls of teleportation
 r - 5 scrolls of remove curse
 s - 6 scrolls of identify
 y - 3 scrolls of enchant armour
 K - a scroll of recharging
 X - a scroll of acquirement
 Y - 2 scrolls of enchant weapon
Potions
 h - 7 potions of curing
 J - 3 potions of agility
 M - a potion of haste
 Q - a potion of flight
 V - a potion of magic
Books
 c - a book of Spatial Translocations

   Spells                             Type                      Level
   *Apportation                       Translocation                1
   *Blink                             Translocation                2
   *Shroud of Golubria                Charms/Translocation         2
   Portal Projectile                  Translocation                3
   Teleport Other                     Translocation                3
   Passage of Golubria                Translocation                4
 o - a manual of Stealth
 D - Kikubaaqudgha's Guide on Darkness
   (Kikubaaqudgha gifted it to you on level 6 of the Dungeon)

   Spells                             Type                      Level
   Animate Skeleton                   Necromancy                   1
   Pain                               Necromancy                   1
   Corpse Rot                         Necromancy                   2
   Vampiric Draining                  Necromancy                   3
   Control Undead                     Necromancy                   4
 E - a book of Unlife

   Spells                             Type                      Level
   Recall                             Summoning/Translocation      3
   Animate Dead                       Necromancy                   4
   Control Undead                     Necromancy                   4
   Twisted Resurrection               Necromancy                   5
   Death Channel                      Necromancy                   6
   Simulacrum                         Ice/Necromancy               6
 G - a book of Beasts

   Spells                             Type                      Level
   Summon Butterflies                 Summoning                    1
   Call Canine Familiar               Summoning                    3
   Summon Ice Beast                   Ice/Summoning                4
   Summon Mana Viper                  Hexes/Summoning              5
   Monstrous Menagerie                Summoning                    6
   Summon Hydra                       Summoning                    7
 N - Kikubaaqudgha's Disquisition on Dark Arts
   (Kikubaaqudgha gifted it to you on level 9 of the Dungeon)

   Spells                             Type                      Level
   Animate Dead                       Necromancy                   4
   Excruciating Wounds                Charms/Necromancy            5
   Dispel Undead                      Necromancy                   5
   Simulacrum                         Ice/Necromancy               6
   Death Channel                      Necromancy                   6
Miscellaneous
 i - a phantom mirror
 x - a plain deck of changes
 F - a legendary deck of summonings
Comestibles
 f - 6 meat rations
 g - 4 royal jellies
 k - 10 beef jerkies
 L - 2 slices of pizza


   Skills:
 - Level 10.0 Fighting
 - Level 0.8 Throwing
 + Level 4.9 Armour
 - Level 1.7 Dodging
 - Level 16.0 Unarmed Combat
 - Level 2.0 Spellcasting
 - Level 7.4 Charms
 - Level 7.0 Translocations


You had 11 spell levels left.
You knew the following spells:

 Your Spells              Type           Power        Failure   Level  Hunger
a - Apportation           Tloc           ###.......   1%          1    ##.....
b - Blink                 Tloc           N/A          2%          2    ###....
c - Shroud of Golubria    Chrm/Tloc      ###.......   2%          2    ###....


Dungeon Overview and Level Annotations

Branches:
Dungeon (12/15)            Temple (1/1) D:5            Lair (1/8) D:10
    Orc (0/4) D:12

Altars:
Ashenzari
Cheibriados
Dithmenos
Elyvilon
Fedhas
Gozag
Kikubaaqudgha
Makhleb
Nemelex Xobeh
Okawaru
Qazlal
Ru
Sif Muna
Trog
Vehumet
Xom
Yredelemnul
Zin
The Shining One

Annotations:
D:12 secret roome, need digging


Innate Abilities, Weirdness & Mutations

Your body is rotting away.
You thrive on raw meat.
You have sharp fingernails.
You are carnivorous and can eat meat at any time.
Your flesh is cold resistant.
You are immune to negative energy.
Your system is resistant to poisons.
You heal slowly when monsters are visible.
You are immune to unholy pain and torment.
You can survive without breathing.


Message History

The blink frog hits you.
* * * LOW HITPOINT WARNING * * *
Unknown command.
You scratch the blink frog.
You kill the blink frog!
Kikubaaqudgha accepts your kill.
Eat which item? (? for menu, Esc to quit)
You can't eat that!
You are too injured to fight recklessly!
You are too injured to fight recklessly!
You are too injured to fight recklessly!
You are too injured to fight recklessly!
The blink frog barely misses you. The blink frog hits you!
* * * LOW HITPOINT WARNING * * *
The blink frog blinks!
The blink frog momentarily phases out as your attack passes through it.
The blink frog is severely wounded.
The blink frog hits you!
You die...
Kikubaaqudgha rasps: "You have failed me!
Welcome... oblivion!"

#.## #....+ ...## # #..#
#....##...# +. #.##
#....#.#.#.#. ## #.#
#....##.+##... # #.# ###
#..............##
#.######.####................
#............................
#............................
#...........@F...............
#.####P##F##.................
#.# ####'##.....#######.....
#.##......##....## #####.....
#.##......##....# ##.##......
#.#........#....###..##......
.##......#.....##P..# #.....
#.................# #.....
......##....###..###.....


You could see 2 blink frogs.

Vanquished Creatures
  Harold (Lair:1)
  A centaur warrior (D:12)
  Nergalle (D:10)
  Erolcha (D:8)
  2 hill giants (D:12)
  An ice statue (D:7)
  2 ugly things
  3 cyclopes (D:11)
  The ghost of ztt the Shield-Bearer, an experienced MiFi (D:4)
  3 trolls
  Grinder (D:6)
  Prince Ribbit (D:9)
  2 blink frogs (Lair:1)
  4 two-headed ogres
  A shadow (D:11)
  3 deep elf magi
  A wraith (D:10)
  36 yaks
  5 hippogriffs
  Eustachio (D:5)
  Grum (D:11)
  A deep elf fighter (D:10)
  3 wolves (D:11)
  3 porcupines (Lair:1)
  2 sky beasts (D:10)
  10 ogres
  3 ice beasts
  6 orc warriors
  A phantom (D:8)
  6 centaurs
  2 crocodiles
  A big kobold (D:9)
  8 giant frogs
  A wyvern zombie (D:12)
  2 wyvern skeletons
  14 wights
  3 scorpions
  19 killer bees
  8 hounds
  3 giant frog zombies
  2 goliath beetles
  2 crimson imps
  3 jellies
  Crazy Yiuf (D:5)
  7 orc priests
  2 centaur skeletons
  4 giant frog skeletons
  7 worker ants
  17 orc wizards
  6 iguanas
  A killer bee zombie (D:7)
  Jessica (D:2)
  Terence (D:2)
  A hound skeleton (D:6)
  A worker ant zombie (D:7)
  16 adders
  7 green rats
  2 shadow imps
  A giant mite (D:3)
  2 worms (D:2)
  9 giant geckos
  3 oozes
  45 orcs
  11 goblins
  19 hobgoblins
  7 quokkas
  4 ball pythons
  30 bats
  8 giant cockroaches
  8 giant newts
  2 giant spores
  9 jackals
  25 kobolds
  19 rats
  13 ballistomycetes
  2 fungi (D:5)
466 creatures vanquished.

Vanquished Creatures (others)
  An ogre (D:7)
  A giant frog (D:10)
  A hound (Lair:1)
  An orc wizard (D:6)
  An orc (D:6)
  A bat (D:7)
  5 giant spores
11 creatures vanquished.

Grand Total: 477 creatures vanquished

Notes
Turn   | Place    | Note
--------------------------------------------------------------
     0 | D:1      | smajdalf, the Ghoul Warper, began the quest for the Orb.
     0 | D:1      | Reached XP level 1. HP: 17/17 MP: 2/2
   137 | D:1      | Reached XP level 2. HP: 4/24 MP: 3/3
   139 | D:1      | Reached skill level 3 in Unarmed Combat
  1183 | D:1      | Reached skill level 4 in Unarmed Combat
  1183 | D:1      | Reached XP level 3. HP: 4/27 MP: 5/5
  1809 | D:2      | Found an opulent altar of Gozag.
  1809 | D:2      | Noticed Terence
  1828 | D:2      | Reached XP level 4. HP: 32/34 MP: 5/5
  1839 | D:2      | Killed Terence
  2160 | D:2      | Reached skill level 5 in Unarmed Combat
  2280 | D:2      | Noticed Jessica
  2644 | D:2      | Killed Jessica
  2753 | D:2      | Found an opulent altar of Gozag.
  3124 | D:2      | Reached XP level 5. HP: 39/39 MP: 6/6
  3442 | D:2      | Found an opulent altar of Gozag.
  4403 | D:3      | Reached skill level 6 in Unarmed Combat
  5975 | D:4      | Noticed an ogre
  5985 | D:4      | Killed an ogre
  5985 | D:4      | Reached skill level 7 in Unarmed Combat
  5985 | D:4      | Reached XP level 6. HP: 27/47 MP: 8/8
  6174 | D:4      | Found a shattered altar of Ashenzari.
  6287 | D:4      | Found a basalt altar of Yredelemnul.
  6577 | D:4      | Noticed ztt's ghost (experienced MiFi)
  6904 | D:4      | Killed ztt's ghost
  6904 | D:4      | Reached skill level 9 in Unarmed Combat
  6904 | D:4      | Reached XP level 7. HP: 3/55 MP: 8/8
  7418 | D:4      | Reached XP level 8. HP: 27/61 MP: 10/10
  7592 | D:4      | Reached skill level 10 in Unarmed Combat
  8196 | D:4      | Found a basalt altar of Yredelemnul.
  8304 | D:4      | Found a shattered altar of Ashenzari.
  8803 | D:5      | Entered Level 5 of the Dungeon
  8926 | D:5      | Found an iron altar of Okawaru.
  9056 | D:5      | Reached skill level 5 in Fighting
  9691 | D:5      | Noticed Eustachio
  9712 | D:5      | Killed Eustachio
  9812 | D:5      | Found a staircase to the Ecumenical Temple.
  9836 | Temple   | Entered the Ecumenical Temple
  9895 | Temple   | Became a worshipper of Kikubaaqudgha
  9999 | D:5      | Noticed Crazy Yiuf
 10010 | D:5      | Killed Crazy Yiuf
 10357 | D:5      | Found an iron altar of Okawaru.
 10635 | D:5      | Found a staircase to the Ecumenical Temple.
 10842 | D:6      | Reached XP level 9. HP: 73/79 MP: 11/11
 10856 | D:6      | Noticed Grinder
 10866 | D:6      | Killed Grinder
 11618 | D:6      | Acquired Kikubaaqudgha's first power
 11618 | D:6      | Received a gift from Kikubaaqudgha
 11621 | D:6      | Identified Kikubaaqudgha's Guide on Darkness (Kikubaaqudgha gifted it to you on level 6 of the Dungeon)
 11625 | D:6      | Learned a level 2 spell: Blink
 11628 | D:6      | Learned a level 2 spell: Shroud of Golubria
 12940 | D:7      | Reached skill level 11 in Unarmed Combat
 13245 | D:7      | Reached skill level 12 in Unarmed Combat
 13460 | D:7      | Reached XP level 10. HP: 89/91 MP: 11/11
 13524 | D:7      | Noticed an ice statue
 13724 | D:7      | Found a shimmering altar of Xom.
 13740 | D:7      | Found a sacrificial altar of Ru.
 13747 | D:7      | Found a deep blue altar of Sif Muna.
 14270 | D:7      | Killed an ice statue
 14270 | D:7      | Reached skill level 13 in Unarmed Combat
 14595 | D:7      | Found a shimmering altar of Xom.
 14599 | D:7      | Found a sacrificial altar of Ru.
 14604 | D:7      | Found a deep blue altar of Sif Muna.
 15520 | D:8      | Found a shadowy altar of Dithmenos.
 15544 | D:8      | Noticed Erolcha
 15555 | D:8      | Killed Erolcha
 15751 | D:8      | Found a shadowy altar of Dithmenos.
 15842 | D:8      | Acquired Kikubaaqudgha's second power
 16188 | D:8      | Found a shadowy altar of Dithmenos.
 16347 | D:8      | Reached skill level 14 in Unarmed Combat
 16919 | D:9      | Noticed Prince Ribbit
 17171 | D:9      | Reached XP level 11. HP: 73/97 MP: 13/13
 17232 | D:9      | Reached skill level 15 in Unarmed Combat
 17338 | D:9      | Killed Prince Ribbit
 18743 | D:9      | Received a gift from Kikubaaqudgha
 18744 | D:9      | Identified Kikubaaqudgha's Disquisition on Dark Arts (Kikubaaqudgha gifted it to you on level 9 of the Dungeon)
 18813 | D:10     | Entered Level 10 of the Dungeon
 18989 | D:10     | Noticed Nergalle
 19003 | D:10     | Killed Nergalle
 19003 | D:10     | Reached skill level 16 in Unarmed Combat
 19845 | D:10     | Reached skill level 10 in Fighting
 19921 | D:10     | Found a staircase to the Lair.
 20137 | D:10     | Acquired Kikubaaqudgha's third power
 20820 | D:10     | Found a staircase to the Lair.
 21144 | D:10     | Got an iridescent halberd
 21145 | D:10     | Identified the +3 halberd of the Lost Wonders {drain, rC+ Str+3 Int+3} (You found it on level 10 of the Dungeon)
 21148 | D:10     | Identified a +0 rod of striking (11/11) (You found it on level 10 of the Dungeon)
 21160 | D:10     | Noticed a hill giant
 21404 | D:11     | Reached skill level 5 in Translocations
 21560 | D:11     | Reached XP level 12. HP: 50/105 MP: 16/16
 21819 | D:11     | Reached skill level 1 in Charms
 21998 | D:11     | Noticed Grum
 22083 | D:11     | Killed Grum
 22822 | D:12     | Identified a scroll of acquirement
 22932 | D:12     | Acquired Kikubaaqudgha's fourth power
 22932 | D:12     | Reached skill level 5 in Charms
 23011 | D:12     | Got an iridescent broad axe
 23014 | D:12     | Identified the +2 broad axe "Tulet" {drain, *Rage rPois} (You found it on level 12 of the Dungeon)
 23031 | D:12     | Found a staircase to the Orcish Mines.
 23114 | D:12     | Noticed a centaur warrior
 23126 | D:12     | Killed a centaur warrior
 23566 | Lair:1   | Entered Level 1 of the Lair of Beasts
 23615 | Lair:1   | Reached skill level 1 in Armour
 23944 | Lair:1   | Noticed Harold
 23964 | Lair:1   | Killed Harold
 23964 | Lair:1   | Reached XP level 13. HP: 26/113 MP: 16/16
 24149 | Lair:1   | Slain by a blink frog

Action                   |  1- 3 |  4- 6 |  7- 9 | 10-12 | 13-15 || total
-------------------------+-------+-------+-------+-------+-------++-------
Melee: Unarmed           |    87 |   238 |   430 |   932 |    30 ||  1717
 Fire: Blowgun           |       |       |    11 |    13 |       ||    24
Throw: Javelin           |       |     2 |       |     4 |       ||     6
 Cast: Blink             |       |       |       |    19 |       ||    19
  Use: Potion            |       |     5 |       |     8 |       ||    13
       Scroll            |       |     4 |       |    11 |       ||    15
  Eat: Chunk             |     9 |    39 |    58 |   194 |     5 ||   305
       Beef jerky        |       |       |       |     1 |       ||     1
